 Dungeon Crawl Stone Soup version 0.18.1-50-g88ac8fd (webtiles) character file.

72863 Groucho the Cleaver (level 15, -3/138 HPs)
             Began as a Minotaur Gladiator on Oct 3, 2016.
             Was a High Priest of Okawaru.
             Slain by an orc knight
             ... wielding a +0 battleaxe
              (11 damage)
             ... on level 2 of the Orcish Mines on Oct 4, 2016.
             The game lasted 01:26:18 (22705 turns).

Groucho the Cleaver (Minotaur Gladiator)           Turns: 22705, Time: 01:26:19

Health: -3/138     AC: 29    Str: 22    XL:     15   Next: 2%
Magic:  12/18      EV: 29    Int:  7    God:    Okawaru [*****.]
Gold:   1692       SH:  0    Dex: 22    Spells: 1 memorised, 12 levels left

rFire  . . .     SeeInvis +     M - +6 battleaxe
rCold  + . .     Gourm    .     W - +7 swamp dragon armour "Qoril" {rPois Dex+2}
rNeg   + . .     Faith    +     (shield currently unavailable)
rPois  +         Spirit   .     c - +1 hat
rElec  +         Dismiss  .     P - +2 cloak {+Inv}
rCorr  .         Reflect  .     v - +0 pair of gloves
SustAt .         Harm     .     q - +1 pair of boots of the Nexus {rN+ Dex+2}
MR     .....                    X - amulet of faith
Stlth  +++.......               g - ring of Veapsufu {+Fly Int+2 Slay+3 SInv}
                                m - ring of Xom's Best Wishes {rElec rPois MR- Dex+5 SInv}

@: heroism, finesse, not resistant to hostile enchantments, fairly stealthy
A: retaliatory headbutt, horns 2, cold resistance 1, low mp 1, weak 1
a: Heroism, Finesse, Renounce Religion, Evoke Invisibility, Evoke Flight


You were on level 2 of the Orcish Mines.
You worshipped Okawaru.
Okawaru was extremely pleased with you.
You were very hungry.

You visited 4 branches of the dungeon, and saw 24 of its levels.
You also visited: Labyrinth and Ice Cave.

You collected 2350 gold pieces.
You spent 658 gold pieces at shops.

Inventory:

Hand Weapons
 a - a +1 war axe
 C - the +3 whip "Jufegi Cuzu" {pain, rPois rF- MR- MP+9}
   (You found it in a labyrinth)

   In the hands of one skilled in necromantic magic, it inflicts extra damage on
   living creatures.
   It makes you vulnerable to fire.
   It protects you from poison.
   It affects your resistance to hostile enchantments.
   It affects your magic capacity (+9).
 H - the +6 arbalest of the Five Planets {venom, rElec}
   (You found it on level 6 of the Lair of Beasts)

   It poisons the ammo it fires.
   It insulates you from electricity.
 M - a +6 battleaxe (weapon)
Missiles
 d - 3 throwing nets
 n - 6 javelins of penetration
 N - 15 poisoned javelins (quivered)
 Y - 7 silver javelins
Armour
 c - a +1 hat (worn)
 h - a +2 crystal plate armour
 q - the +1 pair of boots of the Nexus (worn) {rN+ Dex+2}
   (Okawaru gifted it to you on level 5 of the Lair of Beasts)

   It affects your dexterity (+2).
   It protects you from negative energy.
 v - a +0 pair of gloves (worn)
 P - a +2 cloak of invisibility (worn)
 W - the +7 swamp dragon armour "Qoril" (worn) {rPois Dex+2}
   (Okawaru gifted it to you on level 10 of the Dungeon)

   It affects your dexterity (+2).
   It protects you from poison.
Jewellery
 b - a +1 ring of slaying
 g - the ring of Veapsufu (right hand) {+Fly Int+2 Slay+3 SInv}
   (You bought it in a shop on level 2 of the Orcish Mines)

   [ring of flight]

   It affects your intelligence (+2).
   It affects your accuracy and damage with ranged weapons and melee attacks
   (+3).
   It lets you see invisible.
   It lets you fly.
 m - the ring of Xom's Best Wishes (left hand) {rElec rPois MR- Dex+5 SInv}
   (You found it on level 2 of the Lair of Beasts)

   [ring of poison resistance]

   It affects your dexterity (+5).
   It insulates you from electricity.
   It protects you from poison.
   It affects your resistance to hostile enchantments.
   It lets you see invisible.
 X - an amulet of faith (around neck)
Wands
 e - a wand of digging (14/24)
 G - a wand of confusion (35/48)
 Q - a wand of teleportation (8/9)
 R - a wand of paralysis (20/24)
Scrolls
 i - 7 scrolls of identify
 j - 2 scrolls of summoning
 l - 4 scrolls of magic mapping
 w - a scroll of fog
 y - 2 scrolls of brand weapon {unknown}
 B - 9 scrolls of remove curse
 I - 2 scrolls of recharging
 J - 3 scrolls of vulnerability {unknown}
 L - a scroll of blinking {unknown}
 V - 2 scrolls of enchant armour
Potions
 k - 2 potions of resistance {unknown}
 o - 3 potions of cancellation
 p - 3 potions of heal wounds
 r - a potion of haste
 u - a potion of berserk rage {oka}
 z - 3 potions of magic
 A - a potion of brilliance
 D - 2 potions of might
 E - 8 potions of curing
 F - a potion of cure mutation {unknown}
 K - a potion of ambrosia {unknown}
 O - a potion of agility {unknown}
 Z - 3 potions of flight {unknown}
Comestibles
 f - 14 bread rations
 s - 13 fruits
 t - 4 meat rations


   Skills:
 * Level 14.2(19.2) Fighting
 * Level 14.5(19.5) Axes
 + Level 8.9(13.9) Throwing
 * Level 14.1(19.1) Armour
 * Level 13.2(18.2) Dodging
 + Level 8.7 Invocations


You had 12 spell levels left.
You knew the following spells:

 Your Spells              Type           Power        Failure   Level  Hunger
a - Repel Missiles        Chrm/Air       #.....       86%         2    ###....


Dungeon Overview and Level Annotations

Branches:
Dungeon (14/15)            Temple (1/1) D:6            Lair (7/8) D:11
 Shoals (0/4) Lair:6        Snake (0/4) Lair:5        Slime (0/6) Lair:7
    Orc (2/2) D:9          Vaults (0/5) D:13
    Elf: Orc:2

Altars:
Ashenzari
Cheibriados
Dithmenos
Elyvilon
Fedhas
Gozag
Kikubaaqudgha
Makhleb
Nemelex Xobeh
Okawaru
Pakellas
Qazlal
Ru
Sif Muna
Trog
Vehumet
Xom
Yredelemnul
Zin
The Shining One
Beogh
Jiyva

Shops:
D:8 }   D:9 (   D:10 [   Orc:1 [   Orc:2 *[=

Portals:
Trove: D:10 (show abyssal rune of Zot)


Innate Abilities, Weirdness & Mutations

You reflexively headbutt those who attack you in melee.
You have a pair of horns on your head.
Your flesh is cold resistant.
Your magical capacity is low (-10% MP).
You are weak. (Str -2)


Message History

You are too injured to fight recklessly!
Unknown command.
You are too injured to fight recklessly!
Unknown command.
Drink which item? (? for menu, Esc to quit)
You feel much better.
The orc sorcerer gestures at you while chanting.
The bolt of fire hits the sun demon.
The sun demon completely resists.
The bolt of fire hits you!
* * * LOW HITPOINT WARNING * * *
The orange demon stings you but does no damage.
The orc warrior completely misses you. The sun demon hits you.
* * * LOW HITPOINT WARNING * * *
You are engulfed in flames!!
* * * LOW HITPOINT WARNING * * *
The orc warrior completely misses you.
You gain the combat prowess of a mighty hero.
You feel slightly more hungry.
The orc knight hits you with an uncursed battleaxe!
You die...

.......P.∩........
......P..........##
.$....P.......P...#.
....................
.......((PP.......#
.........(........#
..........(.....P.##
...#.........)o.....
..##........@o.....P
.# #.....#.o3.8....P
......##..oo4.....
........P....∩....
.###..............
##.............
#.#......P.....
...........P...


You could see an orc knight, a sun demon, an orange demon, an orc sorcerer and 3
orc warriors.

Vanquished Creatures
  An orc warlord (Orc:1)
  The ghost of Ebilmort the Arsonist, a journeyman OpFE of Vehumet (Lair:6)
  Snorg (Lair:4)
  A minotaur (Lab)
  Fannar (D:12)
  5 hydras
  2 catoblepae (Lair:5)
  An ice dragon (Lair:7)
  Erica (D:11)
  A centaur warrior (D:11)
  9 death yaks (Lair:4)
  Urug (D:10)
  2 orc high priests (Orc:1)
  A fire crab (Lair:7)
  2 unseen horrors (D:12)
  A deep troll (D:13)
  Pikel (D:4)
  5 hill giants
  2 orc knights (Orc:1)
  3 oklob plants
  An ugly thing (D:12)
  A griffon (Lair:7)
  5 orc sorcerers
  A cyclops (Orc:1)
  3 black mambas
  Joseph (D:7)
  A torpor snail (Lair:7)
  11 spiny frogs
  A gargoyle (D:12)
  2 rime drakes (Lair:6)
  11 komodo dragons
  5 polar bears
  4 trolls
  Prince Ribbit (D:7)
  A slime creature (D:13)
  16 blink frogs
  A hornet zombie (D:13)
  A boulder beetle (Orc:1)
  Sigmund (D:3)
  A spriggan (D:7)
  A wyvern (D:9)
  50 yaks
  2 vampires
  10 hippogriffs
  A basilisk (Lair:4)
  A wraith (D:13)
  Grum (D:10)
  4 vampire mosquitoes (D:13)
  A hungry ghost (D:12)
  A steam dragon (Lair:2)
  A soldier ant (D:10)
  A warg (Orc:1)
  2 nagas (Lair:5)
  16 water moccasins
  9 porcupines
  8 black bears
  A sky beast (D:10)
  3 phantoms
  45 orc warriors
  11 ice beasts
  2 necrophages
  14 ogres
  15 centaurs
  14 wolves
  19 crocodiles
  3 big kobolds (D:9)
  18 giant frogs
  3 gnoll sergeants (D:9)
  2 scorpions (D:6)
  18 killer bees
  5 wights (D:10)
  An electric eel (Lair:5)
  7 howler monkeys
  7 crimson imps
  2 giant frog zombies (D:12)
  A jelly (D:9)
  A quasit (D:10)
  17 orc priests
  Crazy Yiuf (D:6)
  3 hounds
  Natasha (thrice) (D:3)
  Terence (D:3)
  9 iguanas
  20 orc wizards
  8 worker ants
  18 sheep
  A mummy (D:7)
  A worker ant zombie (D:8)
  17 gnolls
  36 river rats
  10 adders
  A howler monkey skeleton (D:10)
  A shadow imp (D:8)
  An adder zombie (D:5)
  8 worms
  2 dart slugs
  10 giant geckos
  74 orcs
  A ball python (D:5)
  3 giant cockroaches
  7 goblins
  9 hobgoblins
  11 jackals
  4 quokkas
  7 bats
  A giant gecko skeleton (D:4)
  6 giant newts
  2 goblin zombies (D:7)
  8 kobolds
  A quokka skeleton (D:4)
  16 rats
  6 fungi
  3 plants
739 creatures vanquished.

Vanquished Creatures (others)
  A yak (D:3)
  2 fungi
  3 plants
  10 toadstools (Lair:5)
16 creatures vanquished.

Grand Total: 755 creatures vanquished

Notes
Turn   | Place    | Note
--------------------------------------------------------------
     0 | D:1      | Groucho the Minotaur Gladiator began the quest for the Orb.
     0 | D:1      | Reached XP level 1. HP: 18/18 MP: 0/0
   220 | D:1      | Reached XP level 2. HP: 25/25 MP: 1/1
   761 | D:2      | Found a radiant altar of Vehumet.
   824 | D:2      | Reached XP level 3. HP: 29/30 MP: 2/2
  1156 | D:2      | Found an iron altar of Okawaru.
  1180 | D:2      | Became a worshipper of Warmaster Okawaru
  1271 | D:2      | Reached skill level 1 in Armour
  1271 | D:2      | Reached XP level 4. HP: 35/38 MP: 3/3
  1359 | D:2      | Reached skill level 5 in Axes
  1464 | D:3      | Found an oddly glowing altar of Pakellas.
  1464 | D:3      | Noticed an orange crystal statue
  1465 | D:3      | Noticed a yak
  1497 | D:3      | Killed a yak
  1585 | D:3      | Noticed Sigmund
  1661 | D:3      | Killed Sigmund
  1661 | D:3      | Reached * piety under Okawaru
  1661 | D:3      | Reached skill level 1 in Invocations
  1661 | D:3      | Reached XP level 5. HP: 30/46 MP: 4/4
  1661 | D:3      | Reached XP level 6. HP: 34/52 MP: 5/5
  1871 | D:3      | Noticed Natasha
  1878 | D:3      | Killed Natasha
  1966 | D:4      | Found an opulent altar of Gozag.
  2251 | D:4      | Reached ** piety under Okawaru
  2251 | D:4      | Reached skill level 5 in Dodging
  2305 | D:4      | You fall through a shaft for 3 floors!
  2326 | D:7      | Reached XP level 7. HP: 48/59 MP: 7/7
  2355 | D:5      | Entered Level 5 of the Dungeon
  2972 | D:4      | Found a sacrificial altar of Ru.
  3165 | D:4      | Noticed Pikel
  3179 | D:4      | Killed Pikel
  3179 | D:4      | Reached *** piety under Okawaru
  3179 | D:4      | Reached skill level 5 in Fighting
  3179 | D:4      | Reached XP level 8. HP: 59/69 MP: 8/8
  3275 | D:4      | Found a bloodstained altar of Trog.
  3576 | D:3      | Noticed Natasha
  3585 | D:3      | Killed Natasha
  3824 | D:3      | Noticed Terence
  3829 | D:3      | Killed Terence
  3933 | D:3      | Found a deep blue altar of Sif Muna.
  4098 | D:3      | Noticed Natasha
  4101 | D:3      | Killed Natasha
  4101 | D:3      | Reached skill level 5 in Armour
  4593 | D:6      | Found a sparkling altar of Nemelex Xobeh.
  4606 | D:6      | Reached **** piety under Okawaru
  4704 | D:6      | Found a blossoming altar of Fedhas.
  4727 | D:6      | Found a staircase to the Ecumenical Temple.
  4743 | Temple   | Entered the Ecumenical Temple
  5316 | D:6      | Noticed Crazy Yiuf
  5319 | D:6      | Killed Crazy Yiuf
  5319 | D:6      | Reached XP level 9. HP: 51/78 MP: 10/10
  5630 | D:7      | Found a shattered altar of Ashenzari.
  5774 | D:7      | Found a shattered altar of Ashenzari.
  6079 | D:7      | Noticed Prince Ribbit
  6084 | D:7      | Killed Prince Ribbit
  6198 | D:7      | Noticed Joseph
  6215 | D:7      | Killed Joseph
  6688 | D:8      | Found Vefeaf's Gadget Shoppe.
  6725 | D:8      | Found a glowing silver altar of Zin.
  6725 | D:8      | Noticed an angel
  6726 | D:8      | Found a shimmering altar of Xom.
  6735 | D:8      | Reached ***** piety under Okawaru
  7858 | D:9      | Found a stormy altar of Qazlal.
  7860 | D:9      | Found a shadowy altar of Dithmenos.
  7874 | D:9      | Reached XP level 10. HP: 72/88 MP: 12/12
  8174 | D:9      | Found a glowing golden altar of the Shining One.
  8249 | D:9      | Received a gift from Okawaru
  8359 | D:9      | Found a staircase to the Orcish Mines.
  8367 | D:9      | Reached skill level 5 in Throwing
  8394 | D:9      | Reached skill level 5 in Invocations
  8513 | D:9      | Found Huanobagh's Antique Weapon Shop.
  8664 | D:10     | Entered Level 10 of the Dungeon
  8666 | D:10     | Noticed Grum
  8685 | D:10     | Killed Grum
  9332 | D:10     | Reached skill level 10 in Axes
  9434 | D:10     | Found Oxtot's Armour Emporium.
  9603 | D:10     | Noticed a hill giant
  9608 | D:10     | Killed a hill giant
  9608 | D:10     | Reached XP level 11. HP: 79/97 MP: 14/14
 10009 | D:10     | Noticed Urug
 10028 | D:10     | Killed Urug
 10028 | D:10     | Received a gift from Okawaru
 10033 | D:10     | Got a faintly humming swamp dragon armour {god gift}
 10044 | D:10     | Identified the +7 swamp dragon armour "Qoril" {rPois Dex+2} (Okawaru gifted it to you on level 10 of the Dungeon)
 10519 | D:10     | Found a portal to a secret trove of treasure.
 10640 | D:11     | Noticed Erica
 10648 | D:11     | Killed Erica
 10704 | D:11     | Reached skill level 10 in Fighting
 10751 | D:11     | Found a staircase to the Lair.
 11040 | D:11     | Learned a level 2 spell: Repel Missiles
 11177 | D:11     | Noticed a centaur warrior
 11187 | D:11     | Killed a centaur warrior
 11593 | D:11     | Noticed a hill giant
 11597 | D:11     | Killed a hill giant
 11753 | D:11     | Noticed a hill giant
 11762 | D:11     | Killed a hill giant
 11762 | D:11     | Reached skill level 10 in Dodging
 12003 | D:11     | Received a gift from Okawaru
 12149 | D:12     | Reached skill level 10 in Armour
 12417 | D:12     | Found a labyrinth entrance.
 12427 | D:12     | Noticed Fannar
 12442 | D:12     | Killed Fannar
 12442 | D:12     | Received a gift from Okawaru
 12458 | Lab      | Entered a labyrinth
 12668 | Lab      | Noticed a minotaur
 12683 | Lab      | Killed a minotaur
 12683 | Lab      | Reached XP level 12. HP: 59/108 MP: 8/15
 13009 | Lab      | Got a steaming whip
 13010 | Lab      | Identified the +3 whip "Jufegi Cuzu" {pain, rPois rF- MR- MP+9} (You found it in a labyrinth)
 13235 | D:12     | Noticed a seven-headed hydra
 13266 | D:12     | Killed an eight-headed hydra
 13266 | D:12     | Received a gift from Okawaru
 13313 | D:12     | Received a gift from Okawaru
 13509 | D:12     | Found a blossoming altar of Fedhas.
 13701 | D:13     | Noticed a five-headed hydra
 13711 | D:13     | Killed a five-headed hydra
 13711 | D:13     | Received a gift from Okawaru
 14280 | D:13     | Found a gate to the Vaults.
 14378 | D:13     | Received a gift from Okawaru
 14469 | D:13     | Received a gift from Okawaru
 14792 | D:13     | Received a gift from Okawaru
 14944 | Lair:1   | Entered Level 1 of the Lair of Beasts
 15080 | Lair:1   | Received a gift from Okawaru
 15080 | Lair:1   | Reached XP level 13. HP: 91/117 MP: 17/17
 15408 | Lair:1   | Identified a scroll of acquirement
 15439 | Lair:1   | Gained mutation: You are weak. (Str -2) [potion of mutation]
 15439 | Lair:1   | Gained mutation: Your flesh is cold resistant. [potion of mutation]
 15439 | Lair:1   | Gained mutation: Your magical capacity is low (-10% MP). [potion of mutation]
 16129 | Lair:2   | Received a gift from Okawaru
 16269 | Lair:2   | Got an ancient iron ring
 16300 | Lair:2   | Received a gift from Okawaru
 16883 | Lair:3   | Received a gift from Okawaru
 17115 | Lair:3   | Reached ****** piety under Okawaru
 17759 | Lair:4   | Noticed Snorg
 17765 | Lair:4   | Killed Snorg
 17765 | Lair:4   | Received a gift from Okawaru
 17818 | Lair:4   | Received a gift from Okawaru
 17994 | Lair:4   | Identified the ring of Xom's Best Wishes {rElec rPois MR- Dex+5 SInv} (You found it on level 2 of the Lair of Beasts)
 18196 | Lair:4   | Reached XP level 14. HP: 111/129 MP: 9/16
 18470 | Lair:5   | Received a gift from Okawaru
 18478 | Lair:5   | Got a pair of polished boots {god gift}
 18484 | Lair:5   | Identified the +1 pair of boots of the Nexus {rN+ Dex+2} (Okawaru gifted it to you on level 5 of the Lair of Beasts)
 18885 | Lair:5   | Found a staircase to the Snake Pit.
 19224 | Lair:5   | Identified the Tome of the Seven Beggars
 19358 | Lair:6   | Found a staircase to the Shoals.
 19436 | Lair:6   | Noticed Ebilmort's ghost (journeyman OpFE)
 19445 | Lair:6   | Killed Ebilmort's ghost
 19755 | Lair:6   | Got an ivory arbalest
 19765 | Lair:6   | Identified the +6 arbalest of the Five Planets {venom, rElec} (You found it on level 6 of the Lair of Beasts)
 20510 | Lair:7   | Received a gift from Okawaru
 20677 | Lair:7   | Found a frozen archway.
 20705 | Lair:7   | Received a gift from Okawaru
 20717 | IceCv    | Entered an ice cave
 20744 | IceCv    | Got an aquamarine-encrusted chain mail
 20763 | IceCv    | Identified the cursed +1 chain mail of the Blessed Realm {rC+ Stlth+} (You found it in an ice cave)
 20815 | Lair:7   | Found a staircase to the Slime Pits.
 20816 | Lair:7   | Found a viscous altar of Jiyva.
 21259 | Orc:1    | Entered Level 1 of the Orcish Mines
 21401 | Orc:1    | Found Dynoloqo's Antique Armour Shop.
 21513 | Orc:1    | Noticed an orc warlord
 21533 | Orc:1    | Killed an orc warlord
 21533 | Orc:1    | Received a gift from Okawaru
 21542 | Orc:1    | Received a gift from Okawaru
 21798 | Orc:1    | Paralysed by an orc sorcerer for 5 turns
 21843 | Orc:1    | Found a roughly hewn altar of Beogh.
 21850 | Orc:1    | Received a gift from Okawaru
 22465 | Orc:1    | Received a gift from Okawaru
 22539 | Orc:2    | Entered Level 2 of the Orcish Mines
 22594 | Orc:2    | Found Agapnuv's Jewellery Shoppe.
 22618 | Orc:2    | Bought the ring of Veapsufu {+Fly Int+2 Slay+3 SInv} for 546 gold pieces
 22656 | Orc:2    | Found Bafeod's General Store.
 22663 | Orc:2    | Reached XP level 15. HP: 126/138 MP: 15/18
 22685 | Orc:2    | Bought a potion of might for 64 gold pieces
 22685 | Orc:2    | Bought a potion of curing for 48 gold pieces
 22688 | Orc:2    | Found Puco's Antique Armour Shop.
 22705 | Orc:2    | Slain by an orc knight

Skill      XL: |  1  2  3  4  5  6  7  8  9 10 11 12 13 14 |
---------------+-------------------------------------------+-----
Axes           | 4 5 6 7 9 10 11 12 13 14 | 14.5
Fighting       | 3 4 5 6 7 9 10 11 13 14 | 14.2
Armour         | 1 2 3 4 5 7 8 10 11 12 14 | 14.1
Dodging        | 4 5 6 7 9 10 11 12 13 | 13.2
Invocations    | 1 2 3 4 5 6 7 8 |  8.7
Throwing       | 3 4 5 6 7 8 |  8.9

Action                   |  1- 3 |  4- 6 |  7- 9 | 10-12 | 13-15 || total
-------------------------+-------+-------+-------+-------+-------++-------
Melee: War axe           |    77 |    63 |   284 |   617 |    78 ||  1119
       Headbutt          |    12 |    14 |    66 |   208 |   233 ||   533
       Punch             |       |       |     1 |     1 |     4 ||     6
       Battleaxe         |       |       |       |    28 |   661 ||   689
       Whip              |       |       |       |    28 |    29 ||    57
Throw: Throwing net      |     1 |     2 |     1 |     3 |     1 ||     8
       Tomahawk          |       |     8 |     6 |     7 |     4 ||    25
       Javelin           |       |       |       |    16 |     9 ||    25
Invok: Heroism           |       |       |     2 |    15 |    17 ||    34
       Finesse           |       |       |       |     8 |    14 ||    22
  Use: Scroll            |       |     3 |     2 |     8 |    21 ||    34
       Potion            |       |       |     3 |     9 |     3 ||    15
 Stab: Held in net/web   |     1 |       |       |     1 |       ||     2
       Sleeping          |       |       |       |     1 |     2 ||     3
  Eat: Chunk             |     1 |     3 |    12 |     2 |     8 ||    26
       Beef jerky        |       |       |     2 |     3 |       ||     5
       Meat ration       |       |       |     1 |     2 |     3 ||     6
       Fruit             |       |       |       |     1 |     4 ||     5
       Bread ration      |       |       |       |     2 |       ||     2
Armor: Leather armour    |    14 |    16 |     1 |       |       ||    31
       Chain mail        |       |       |   109 |   113 |       ||   222
       Swamp dragon armo |       |       |       |   124 |   220 ||   344
Dodge: Dodged            |    57 |    38 |   157 |   536 |   697 ||  1485
